Nordiques vs Rangers
(R2)
Created - 21 novembre 2013 at 19:34
Goals
|
| Nordiques |
0 |
1 |
3 |
4 |
| Rangers |
0 |
1 |
1 |
2 |
|
Shots
|
| Nordiques |
6 |
10 |
16 |
32 |
| Rangers |
7 |
9 |
10 |
26 |
|
1st period
No Goal
Penalties :
Cory Sarich (Que) for Hooking (Minor) at 5:02, Saku Koivu (Que) for Holding (Minor) at 11:54, Alexei Ponikarovsky (Que) for Interference (Minor) at 18:25
2nd period
1. Rangers , Milan Lucic 9 (Johan Franzen, Brad Richards) at 6:50
2. Nordiques , Saku Koivu 6 (Chris Phillips, Maxim Afinogenov) at 10:56
Penalties :
Saku Koivu (Que) for Hooking (Minor) at 1:20, Johan Franzen (NYR) for Hooking (Minor) at 11:11, Bryan Berard (NYR) for Slashing (Minor) at 18:08
3rd period
3. Nordiques , Kris Vernarsky 3 (Ryan Whitney) at 3:16
4. Nordiques , Simon Gagné 9 (Stephen Weiss) at 3:31 (PP)
5. Rangers , Patrick Sharp 5 (Patrice Bergeron, Johan Franzen) at 15:38
6. Nordiques , Simon Gagné 10 (Maxim Afinogenov, Stephen Weiss) at 16:26 (PP)
Penalties :
Dustin Brown (NYR) for Tripping (Minor) at 0:32, Kimmo Timonen (NYR) for Hooking (Minor) at 3:29, Brent Seabrook (NYR) for Slashing (Minor) at 6:43, Matt Pettinger (Que) for Holding (Minor) at 9:29, Kimmo Timonen (NYR) for Holding (Minor) at 13:24, Patrick Sharp (NYR) for Interference (Minor) at 16:12
Goalie Stats
Mike Smith (Que), 24 saves from 26 shots - (0,923), W, 7-4-0, 60:00 minutes
Henrik Lundqvist (NYR), 28 saves from 32 shots - (0,875), L, 4-8-2, 60:00 minutes
Players Stats for Nordiques
Player Name G A P +/- PIM S H SB GA TA FO MP PP MP PK MP
------------------------------------------------------------------------------------
Adam Deadmarsh 0 0 0 1 0 0 1 0 0 0 0/0 14:44 4:29 0:00
Alexei Ponikarovsky 0 0 0 0 2 2 0 0 0 0 0/0 9:08 0:03 1:37
Chris Phillips 0 1 1 2 0 2 3 1 0 0 0/0 23:54 6:16 0:03
Cory Sarich 0 0 0 0 2 1 1 0 0 0 0/0 8:54 0:00 0:00
Éric Belanger 0 0 0 0 0 1 1 1 0 0 3/6 10:17 0:03 3:36
Jonathan Cheechoo 0 0 0 0 0 2 1 0 0 0 0/0 6:33 0:00 0:00
Jordan Leopold 0 0 0 -2 0 1 1 1 0 2 0/0 20:06 3:55 5:53
Kris Vernarsky 1 0 1 0 0 1 0 0 1 0 1/3 10:51 0:00 0:15
Lubomir Visnovsky 0 0 0 -1 0 1 0 0 0 2 0/0 21:55 3:55 4:02
Matt Pettinger 0 0 0 0 2 0 3 0 1 1 0/1 11:11 0:00 0:35
Mattias Weinhandl 0 0 0 0 0 0 0 0 0 0 0/0 10:39 0:03 0:00
Maxim Afinogenov 0 2 2 -1 0 5 1 0 0 0 0/2 23:48 5:39 5:41
Mike Cammalleri 0 0 0 1 0 1 3 0 0 0 0/0 14:44 4:29 0:00
Mike Komisarek 0 0 0 0 0 2 0 0 0 0 0/0 18:14 0:00 5:50
Ryan Whitney 0 1 1 1 0 2 1 2 3 1 0/0 26:58 6:16 4:02
Saku Koivu 1 0 1 1 4 3 1 2 0 0 10/20 19:31 4:29 3:49
Simon Gagné 2 0 2 -1 0 4 2 0 0 1 2/2 19:11 5:39 2:02
Stephen Weiss 0 2 2 -1 0 4 1 0 0 0 10/26 19:22 5:39 2:15
Players Stats for Rangers
Player Name G A P +/- PIM S H SB GA TA FO MP PP MP PK MP
------------------------------------------------------------------------------------
Alexandre Burrows 0 0 0 -1 0 0 3 0 0 0 0/1 14:30 0:21 1:35
Brad Richards 0 1 1 0 0 1 3 2 0 0 25/38 26:32 5:34 5:23
Brent Seabrook 0 0 0 0 2 0 0 3 0 0 0/0 19:36 3:30 3:12
Bryan Berard 0 0 0 0 2 0 2 0 0 1 0/0 19:54 3:30 3:17
Byron Ritchie 0 0 0 0 0 0 1 0 0 0 1/1 5:31 0:21 0:38
Cam Barker 0 0 0 1 0 3 0 2 0 3 0/0 28:40 6:25 6:08
Drew Stafford 0 0 0 -1 0 4 4 0 1 1 0/0 12:47 0:21 0:00
Dustin Brown 0 0 0 1 2 1 1 0 0 0 0/0 15:17 4:00 0:00
Jaroslav Balastik 0 0 0 0 0 0 1 0 0 0 1/1 4:21 0:00 0:03
Johan Franzen 0 2 2 0 2 1 2 1 1 0 1/2 19:47 5:34 2:26
Kimmo Timonen 0 0 0 0 4 2 0 1 0 0 0/0 26:08 6:25 4:59
Kyle McLaren 0 0 0 -1 0 0 0 0 0 0 0/0 10:52 0:00 0:00
Mark Fistric 0 0 0 0 0 0 0 0 0 0 0/0 1:25 0:00 0:14
Matt Greene 0 0 0 0 0 0 1 0 0 0 0/0 13:39 0:00 2:32
Milan Lucic 1 0 1 0 0 8 3 0 1 0 1/4 23:07 5:34 5:37
Patrice Bergeron 0 1 1 1 0 3 2 0 0 0 2/5 15:18 4:00 0:00
Patrick Sharp 1 0 1 1 2 3 0 1 2 0 0/1 18:12 4:00 2:50
Valtteri Filppula 0 0 0 -1 0 0 0 0 2 0 3/7 14:06 0:00 1:50
3 Stars
1 - Simon Gagné (Que)
2 - Chris Phillips (Que)
3 - Milan Lucic (NYR)
Power Play
Nordiques - 2 on 7 Attempt(s) - 28,57%
Rangers - 0 on 5 Attempt(s) - 0,00%
Penalty Kill
Nordiques - 5 on 5 Attempt(s) - 100,00%
- Score 0 goal in Penalty Kill
Rangers - 5 on 7 Attempt(s) - 71,43%
- Score 0 goal in Penalty Kill
Official
Referees : L'Ecuyer Frederick and Marouelli Dan
Linesman : Scott Cherrey and Mark Shewchyk
Game Notes
No Game Note
Finance
Level 1 -- Attendance: 4668 (77,80%) -- Ticket Income 420 120 $
Level 2 -- Attendance: 3687 (73,74%) -- Ticket Income 202 785 $
Level 3 -- Attendance: 1812 (90,60%) -- Ticket Income 54 360 $
Level 4 -- Attendance: 4000 (100,00%) -- Ticket Income 80 000 $
Luxury Box -- Attendance: 715 (71,50%) -- Ticket Income 125 125 $
Game was played at the Madison Square Garden
Total Attendance: 14882 (82,68%)
Total Ticket Income: 882 390 $
Other Income: 132 358 $
Total Income: 1 014 748 $
Nordiques
5 vs 5 Forward
Center Left Wing Right Wing Time % Phy DF OF
1 Stephen Weiss Simon Gagné Maxim Afinogenov 40 0 2 3
2 Saku Koivu Mike Cammalleri Adam Deadmarsh 30 0 2 3
3 Kris Vernarsky Matt Pettinger Mattias Weinhandl 20 0 3 2
4 Éric Belanger Alexei Ponikarovsky Jonathan Cheechoo 10 1 2 2
5 vs 5 Defense
Defense Defense Time % Phy DF OF
1 Chris Phillips Ryan Whitney 40 1 2 2
2 Lubomir Visnovsky Mike Komisarek 30 1 2 2
3 Cory Sarich Jordan Leopold 20 1 2 2
4 Chris Phillips Ryan Whitney 10 1 2 2
PowerPlay Forward
Center Left Wing Right Wing Time % Phy DF OF
1 Stephen Weiss Simon Gagné Maxim Afinogenov 60 0 1 4
2 Saku Koivu Mike Cammalleri Adam Deadmarsh 40 0 1 4
PowerPlay Defense
Defense Defense Time % Phy DF OF
1 Chris Phillips Ryan Whitney 60 0 2 3
2 Lubomir Visnovsky Jordan Leopold 40 0 2 3
Penalty Kill 4 Players Forward
Center Wing Time % Phy DF OF
1 Saku Koivu Maxim Afinogenov 60 0 4 1
2 Éric Belanger Simon Gagné 40 0 4 1
Penalty Kill 4 Players Defense
Defense Defense Time % Phy DF OF
1 Jordan Leopold Mike Komisarek 60 0 4 1
2 Ryan Whitney Lubomir Visnovsky 40 0 4 1
Penalty Kill - 3 Players Forward
Forward Time % Phy DF OF
1 Saku Koivu 60 0 4 1
2 Maxim Afinogenov 40 0 4 1
Penalty Kill - 3 Players Defense
Defense Defense Time % Phy DF OF
1 Jordan Leopold Mike Komisarek 60 0 4 1
2 Lubomir Visnovsky Ryan Whitney 40 0 4 1
4 vs 4 Forward
Center Wing Time % Phy DF OF
1 Stephen Weiss Simon Gagné 60 0 2 3
2 Saku Koivu Maxim Afinogenov 40 0 2 3
4 vs 4 Defense
Defense Defense Time % Phy DF OF
1 Chris Phillips Ryan Whitney 60 0 3 2
2 Lubomir Visnovsky Jordan Leopold 40 0 3 2
Last Minutes Offensive
Center Left Wing Right Wing Defense Defense
Stephen Weiss Simon Gagné Maxim Afinogenov Chris Phillips Ryan Whitney
Last Minutes Defensive
Center Left Wing Right Wing Defense Defense
Saku Koivu Matt Pettinger Maxim Afinogenov Jordan Leopold Mike Komisarek
Goaltenders
Starting : Mike Smith
Backup : Jonathan Bernier
Extra Forwards
Normal : Saku Koivu, Stephen Weiss, Maxim Afinogenov - PP : Mike Cammalleri, Simon Gagné - PK : Stephen Weiss
Extra Defensemen
Normal : Lubomir Visnovsky, Jordan Leopold, Ryan Whitney - PP : Mike Komisarek - PK : Jordan Leopold, Mike Komisarek
Penalty Shots
Maxim Afinogenov, Simon Gagné, Mike Cammalleri, Ryan Whitney, Saku Koivu
Rangers
5 vs 5 Forward
Center Left Wing Right Wing Time % Phy DF OF
1 Brad Richards Milan Lucic Johan Franzen 40 1 2 2
2 Patrice Bergeron Patrick Sharp Dustin Brown 30 1 2 2
3 Valtteri Filppula Alexandre Burrows Drew Stafford 20 1 2 2
4 Byron Ritchie Jaroslav Balastik Brad Richards 10 1 2 2
5 vs 5 Defense
Defense Defense Time % Phy DF OF
1 Cam Barker Kimmo Timonen 40 1 2 2
2 Brent Seabrook Bryan Berard 30 1 2 2
3 Kyle McLaren Matt Greene 20 1 2 2
4 Mark Fistric Cam Barker 10 1 2 2
PowerPlay Forward
Center Left Wing Right Wing Time % Phy DF OF
1 Brad Richards Milan Lucic Johan Franzen 60 1 2 2
2 Patrice Bergeron Patrick Sharp Dustin Brown 40 1 2 2
PowerPlay Defense
Defense Defense Time % Phy DF OF
1 Cam Barker Kimmo Timonen 60 1 2 2
2 Brent Seabrook Bryan Berard 40 1 2 2
Penalty Kill 4 Players Forward
Center Wing Time % Phy DF OF
1 Brad Richards Milan Lucic 60 1 2 2
2 Johan Franzen Patrick Sharp 40 1 2 2
Penalty Kill 4 Players Defense
Defense Defense Time % Phy DF OF
1 Cam Barker Kimmo Timonen 60 1 2 2
2 Brent Seabrook Bryan Berard 40 1 2 2
Penalty Kill - 3 Players Forward
Forward Time % Phy DF OF
1 Brad Richards 60 1 2 2
2 Milan Lucic 40 1 2 2
Penalty Kill - 3 Players Defense
Defense Defense Time % Phy DF OF
1 Cam Barker Kimmo Timonen 60 1 2 2
2 Brent Seabrook Bryan Berard 40 1 2 2
4 vs 4 Forward
Center Wing Time % Phy DF OF
1 Brad Richards Milan Lucic 60 1 2 2
2 Johan Franzen Patrick Sharp 40 1 2 2
4 vs 4 Defense
Defense Defense Time % Phy DF OF
1 Cam Barker Kimmo Timonen 60 1 2 2
2 Brent Seabrook Bryan Berard 40 1 2 2
Last Minutes Offensive
Center Left Wing Right Wing Defense Defense
Brad Richards Milan Lucic Johan Franzen Cam Barker Kimmo Timonen
Last Minutes Defensive
Center Left Wing Right Wing Defense Defense
Brad Richards Milan Lucic Johan Franzen Cam Barker Kimmo Timonen
Goaltenders
Starting : Henrik Lundqvist
Backup : Hannu Toivonen
Extra Forwards
Normal : Alexandre Burrows, Drew Stafford, Valtteri Filppula - PP : Alexandre Burrows, Drew Stafford - PK : Valtteri Filppula
Extra Defensemen
Normal : Kyle McLaren, Matt Greene, Mark Fistric - PP : Kyle McLaren - PK : Matt Greene, Mark Fistric
Penalty Shots
Brad Richards, Milan Lucic, Johan Franzen, Patrick Sharp, Patrice Bergeron
% Time on Ice - Nordiques
Lines # - Real PCT - Wanted PCT - Time Play
Normal Forward
1 - 31% - 40% - 12:28
2 - 26% - 30% - 10:17
3 - 27% - 20% - 10:36
4 - 16% - 10% - 6:33
Normal Defense
1 - 43% - 40% - 17:20
2 - 36% - 30% - 14:27
3 - 20% - 20% - 8:07
4 - 0% - 10% - 0:00
PP Forward
1 - 56% - 60% - 5:42
2 - 44% - 40% - 4:29
PP Defense
1 - 62% - 60% - 6:16
2 - 38% - 40% - 3:55
PK Forward
1 - 79% - 60% - 7:53
2 - 21% - 40% - 2:02
PK Defense
1 - 59% - 60% - 5:53
2 - 41% - 40% - 4:02
PK3 Forward
1 - 0% - 60%
2 - 0% - 40%
PK3 Defense
1 - 0% - 60%
2 - 0% - 40%
44 Forward
1 - 0% - 60%
2 - 0% - 40%
44 Defense
1 - 0% - 60%
2 - 0% - 40%
Last Minute Offensive - 0:00
Last Minute Defensive - 0:00
Total
Forward - 60:00
Defense - 60:00
|
% Time on Ice - Rangers
Lines # - Real PCT - Wanted PCT - Time Play
Normal Forward
1 - 30% - 40% - 11:57
2 - 30% - 30% - 11:59
3 - 29% - 20% - 11:40
4 - 11% - 10% - 4:18
Normal Defense
1 - 37% - 40% - 14:56
2 - 32% - 30% - 12:55
3 - 27% - 20% - 10:52
4 - 3% - 10% - 1:11
PP Forward
1 - 60% - 60% - 5:55
2 - 40% - 40% - 4:00
PP Defense
1 - 65% - 60% - 6:25
2 - 35% - 40% - 3:30
PK Forward
1 - 72% - 60% - 7:21
2 - 28% - 40% - 2:50
PK Defense
1 - 59% - 60% - 6:00
2 - 41% - 40% - 4:11
PK3 Forward
1 - 0% - 60%
2 - 0% - 40%
PK3 Defense
1 - 0% - 60%
2 - 0% - 40%
44 Forward
1 - 0% - 60%
2 - 0% - 40%
44 Defense
1 - 0% - 60%
2 - 0% - 40%
Last Minute Offensive - 0:00
Last Minute Defensive - 0:00
Total
Forward - 60:00
Defense - 60:00
|
Play by Play
1st period
0:01 of 1st period - Brad Richards wins face-off versus Stephen Weiss in neutral zone.
0:08 of 1st period - Snap shot by Johan Franzen.
0:08 of 1st period - Shot Misses the Net.
0:10 of 1st period - Slapshot by Cam Barker.
0:10 of 1st period - Shot Misses the Net.
0:14 of 1st period - Snap shot by Johan Franzen.
0:14 of 1st period - Stopped by Mike Smith with a rebound.
0:16 of 1st period - Snap shot by Brad Richards.
0:16 of 1st period - Shot Blocked by Chris Phillips.
1:14 of 1st period - Slapshot by Brent Seabrook.
1:14 of 1st period - Shot Misses the Net.
2:11 of 1st period - Icing by Mike Komisarek.
2:12 of 1st period - Valtteri Filppula wins face-off versus Saku Koivu in Nordiques zone.
2:47 of 1st period - Wrist shot by Patrice Bergeron.
2:47 of 1st period - Stopped by Mike Smith without a rebound.
2:48 of 1st period - Brad Richards wins face-off versus Saku Koivu in Nordiques zone.
3:07 of 1st period - Kyle McLaren is hit by Mike Cammalleri and loses puck.
3:25 of 1st period - Saku Koivu is hit by Milan Lucic and loses puck.
3:44 of 1st period - Wrist shot by Milan Lucic.
3:44 of 1st period - Stopped by Mike Smith with a rebound.
4:08 of 1st period - Slapshot by Milan Lucic.
4:08 of 1st period - Stopped by Mike Smith without a rebound.
4:09 of 1st period - Stephen Weiss wins face-off versus Patrick Sharp in Nordiques zone.
4:43 of 1st period - Snap shot by Drew Stafford.
4:43 of 1st period - Stopped by Mike Smith with a rebound.
4:45 of 1st period - Slapshot by Bryan Berard.
4:45 of 1st period - Shot Blocked by Jordan Leopold.
5:02 of 1st period - Minor Penalty to Cory Sarich for Hooking.
5:03 of 1st period - Saku Koivu wins face-off versus Patrice Bergeron in Nordiques zone.
6:59 of 1st period - Lubomir Visnovsky is hit by Drew Stafford.
7:02 of 1st period - Penalty to Cory Sarich is over, Cory Sarich is back on ice.
7:56 of 1st period - Jordan Leopold is hit by Johan Franzen and loses puck.
8:11 of 1st period - Icing by Patrick Sharp.
8:12 of 1st period - Patrice Bergeron wins face-off versus Kris Vernarsky in Rangers zone.
8:27 of 1st period - Wrist shot by Saku Koivu.
8:27 of 1st period - Shot Misses the Net.
8:57 of 1st period - Lubomir Visnovsky is hit by Dustin Brown and loses puck.
9:18 of 1st period - Slapshot by Maxim Afinogenov.
9:18 of 1st period - Stopped by Henrik Lundqvist without a rebound.
9:19 of 1st period - Valtteri Filppula wins face-off versus Stephen Weiss in Rangers zone.
9:44 of 1st period - Patrice Bergeron is hit by Saku Koivu and loses puck.
9:51 of 1st period - Wrist shot by Patrice Bergeron.
9:51 of 1st period - Shot Blocked by Ryan Whitney.
9:53 of 1st period - Snap shot by Patrick Sharp.
9:53 of 1st period - Stopped by Mike Smith without a rebound.
9:54 of 1st period - Stephen Weiss wins face-off versus Johan Franzen in Nordiques zone.
11:30 of 1st period - Wrist shot by Maxim Afinogenov.
11:30 of 1st period - Stopped by Henrik Lundqvist with a rebound.
11:32 of 1st period - Wrist shot by Maxim Afinogenov.
11:32 of 1st period - Shot Misses the Net.
11:34 of 1st period - Slapshot by Ryan Whitney.
11:34 of 1st period - Stopped by Henrik Lundqvist with a rebound.
11:36 of 1st period - Slapshot by Simon Gagné.
11:36 of 1st period - Shot Misses the Net.
11:45 of 1st period - Off-side.
11:46 of 1st period - Saku Koivu wins face-off versus Patrice Bergeron in neutral zone.
11:54 of 1st period - Minor Penalty to Saku Koivu for Holding.
11:55 of 1st period - Stephen Weiss wins face-off versus Brad Richards in Nordiques zone.
11:55 of 1st period - Stephen Weiss is hit by Milan Lucic.
12:01 of 1st period - Wrist shot by Stephen Weiss.
12:01 of 1st period - Stopped by Henrik Lundqvist with a rebound.
13:22 of 1st period - Jordan Leopold is hit by Johan Franzen and loses puck.
13:54 of 1st period - Penalty to Saku Koivu is over, Saku Koivu is back on ice.
14:46 of 1st period - Ryan Whitney is hit by Jaroslav Balastik.
16:23 of 1st period - Snap shot by Stephen Weiss.
16:23 of 1st period - Stopped by Henrik Lundqvist with a rebound.
16:25 of 1st period - Snap shot by Simon Gagné.
16:25 of 1st period - Stopped by Henrik Lundqvist without a rebound.
16:26 of 1st period - Brad Richards wins face-off versus Maxim Afinogenov in Rangers zone.
16:49 of 1st period - Mike Komisarek is hit by Patrice Bergeron and loses puck.
17:15 of 1st period - Wrist shot by Valtteri Filppula.
17:15 of 1st period - Shot Misses the Net.
17:17 of 1st period - Snap shot by Drew Stafford.
17:17 of 1st period - Stopped by Mike Smith without a rebound.
17:18 of 1st period - Patrice Bergeron wins face-off versus Stephen Weiss in Nordiques zone.
18:25 of 1st period - Minor Penalty to Alexei Ponikarovsky for Interference.
18:26 of 1st period - Saku Koivu wins face-off versus Milan Lucic in Nordiques zone.
18:37 of 1st period - Snap shot by Saku Koivu.
18:37 of 1st period - Shot Blocked by Cam Barker.
18:53 of 1st period - Kimmo Timonen is hit by Éric Belanger and loses puck.
19:17 of 1st period - Bryan Berard is hit by Ryan Whitney and loses puck.
2nd period
0:01 of 2nd period - Saku Koivu wins face-off versus Milan Lucic in neutral zone.
0:04 of 2nd period - Slapshot by Mike Komisarek.
0:04 of 2nd period - Stopped by Henrik Lundqvist without a rebound.
0:05 of 2nd period - Brad Richards wins face-off versus Saku Koivu in Rangers zone.
0:14 of 2nd period - Maxim Afinogenov is hit by Brad Richards and loses puck.
0:19 of 2nd period - Snap shot by Brad Richards.
0:19 of 2nd period - Deflect By Mike Komisarek.
0:19 of 2nd period - Stopped by Mike Smith without a rebound.
0:20 of 2nd period - Brad Richards wins face-off versus Saku Koivu in Nordiques zone.
0:25 of 2nd period - Penalty to Alexei Ponikarovsky is over, Alexei Ponikarovsky is back on ice.
0:27 of 2nd period - Wrist shot by Johan Franzen.
0:27 of 2nd period - Shot Misses the Net.
0:29 of 2nd period - Slapshot by Cam Barker.
0:29 of 2nd period - Stopped by Mike Smith with a rebound.
0:31 of 2nd period - Snap shot by Milan Lucic.
0:31 of 2nd period - Stopped by Mike Smith with a rebound.
0:50 of 2nd period - Alexei Ponikarovsky is hit by Alexandre Burrows and loses puck.
1:20 of 2nd period - Minor Penalty to Saku Koivu for Hooking.
1:21 of 2nd period - Simon Gagné wins face-off versus Brad Richards in Nordiques zone.
1:30 of 2nd period - Slapshot by Brent Seabrook.
1:30 of 2nd period - Shot Blocked by Éric Belanger.
3:02 of 2nd period - Wrist shot by Dustin Brown.
3:02 of 2nd period - Deflect By Patrice Bergeron.
3:02 of 2nd period - Shot Misses the Net.
3:02 of 2nd period - Puck is out of play.
3:03 of 2nd period - Éric Belanger wins face-off versus Brad Richards in Nordiques zone.
3:20 of 2nd period - Penalty to Saku Koivu is over, Saku Koivu is back on ice.
3:30 of 2nd period - Kris Vernarsky is hit by Drew Stafford and loses puck.
4:20 of 2nd period - Cam Barker is hit by Simon Gagné and loses puck.
5:04 of 2nd period - Icing by Cory Sarich.
5:05 of 2nd period - Saku Koivu wins face-off versus Valtteri Filppula in Nordiques zone.
5:11 of 2nd period - Off-side.
5:12 of 2nd period - Brad Richards wins face-off versus Stephen Weiss in neutral zone.
6:08 of 2nd period - Alexandre Burrows is hit by Matt Pettinger and loses puck.
6:29 of 2nd period - Slapshot by Ryan Whitney.
6:29 of 2nd period - Deflect By Alexei Ponikarovsky.
6:29 of 2nd period - Stopped by Henrik Lundqvist with a rebound.
6:31 of 2nd period - Wrist shot by Éric Belanger.
6:31 of 2nd period - Deflect By Jonathan Cheechoo.
6:31 of 2nd period - Stopped by Henrik Lundqvist without a rebound.
6:32 of 2nd period - Brad Richards wins face-off versus Éric Belanger in Rangers zone.
6:36 of 2nd period - Off-side.
6:37 of 2nd period - Brad Richards wins face-off versus Stephen Weiss in neutral zone.
6:48 of 2nd period - Slapshot by Milan Lucic.
6:48 of 2nd period - Shot Misses the Net.
6:50 of 2nd period - Snap shot by Milan Lucic.
6:50 of 2nd period - Goal by Milan Lucic - Nordiques : 0 - Rangers : 1.
6:51 of 2nd period - Stephen Weiss wins face-off versus Brad Richards in neutral zone.
7:04 of 2nd period - Wrist shot by Maxim Afinogenov.
7:04 of 2nd period - Stopped by Henrik Lundqvist with a rebound.
8:03 of 2nd period - Snap shot by Stephen Weiss.
8:03 of 2nd period - Stopped by Henrik Lundqvist with a rebound.
8:05 of 2nd period - Slapshot by Lubomir Visnovsky.
8:05 of 2nd period - Stopped by Henrik Lundqvist without a rebound.
8:06 of 2nd period - Saku Koivu wins face-off versus Patrice Bergeron in Rangers zone.
8:07 of 2nd period - Wrist shot by Mike Cammalleri.
8:07 of 2nd period - Stopped by Henrik Lundqvist with a rebound.
8:57 of 2nd period - Kris Vernarsky is hit by Bryan Berard and loses puck.
9:30 of 2nd period - Adam Deadmarsh is hit by Byron Ritchie.
9:55 of 2nd period - Snap shot by Maxim Afinogenov.
9:55 of 2nd period - Deflect By Stephen Weiss.
9:55 of 2nd period - Shot Blocked by Kimmo Timonen.
9:55 of 2nd period - Puck is out of play.
9:56 of 2nd period - Brad Richards wins face-off versus Stephen Weiss in Rangers zone.
10:13 of 2nd period - Slapshot by Dustin Brown.
10:13 of 2nd period - Shot Misses the Net.
10:19 of 2nd period - Dustin Brown is hit by Maxim Afinogenov and loses puck.
10:54 of 2nd period - Slapshot by Chris Phillips.
10:54 of 2nd period - Stopped by Henrik Lundqvist with a rebound.
10:56 of 2nd period - Snap shot by Saku Koivu.
10:56 of 2nd period - Goal by Saku Koivu - Nordiques : 1 - Rangers : 1.
10:57 of 2nd period - Brad Richards wins face-off versus Saku Koivu in neutral zone.
11:10 of 2nd period - Slapshot by Milan Lucic.
11:10 of 2nd period - Shot Misses the Net.
11:11 of 2nd period - Minor Penalty to Johan Franzen for Hooking.
11:12 of 2nd period - Brad Richards wins face-off versus Stephen Weiss in Rangers zone.
13:11 of 2nd period - Penalty to Johan Franzen is over, Johan Franzen is back on ice.
13:22 of 2nd period - Wrist shot by Patrice Bergeron.
13:22 of 2nd period - Stopped by Mike Smith with a rebound.
13:36 of 2nd period - Mattias Weinhandl is hit by Brad Richards and loses puck.
14:09 of 2nd period - Bryan Berard is hit by Simon Gagné and loses puck.
14:20 of 2nd period - Alexei Ponikarovsky is hit by Alexandre Burrows and loses puck.
14:46 of 2nd period - Icing by Kyle McLaren.
14:47 of 2nd period - Stephen Weiss wins face-off versus Valtteri Filppula in Rangers zone.
14:54 of 2nd period - Maxim Afinogenov is hit by Drew Stafford and loses puck.
15:11 of 2nd period - Snap shot by Patrick Sharp.
15:11 of 2nd period - Shot Blocked by Saku Koivu.
15:13 of 2nd period - Snap shot by Kimmo Timonen.
15:13 of 2nd period - Stopped by Mike Smith with a rebound.
15:15 of 2nd period - Snap shot by Patrice Bergeron.
15:15 of 2nd period - Stopped by Mike Smith without a rebound.
15:16 of 2nd period - Saku Koivu wins face-off versus Brad Richards in Nordiques zone.
15:41 of 2nd period - Patrice Bergeron is hit by Cory Sarich and loses puck.
16:04 of 2nd period - Slapshot by Brent Seabrook.
16:04 of 2nd period - Shot Misses the Net.
16:12 of 2nd period - Slapshot by Jordan Leopold.
16:12 of 2nd period - Shot Blocked by Brad Richards.
16:14 of 2nd period - Slapshot by Jordan Leopold.
16:14 of 2nd period - Shot Blocked by Brent Seabrook.
16:32 of 2nd period - Alexandre Burrows is hit by Jonathan Cheechoo and loses puck.
16:52 of 2nd period - Snap shot by Drew Stafford.
16:52 of 2nd period - Stopped by Mike Smith with a rebound.
16:54 of 2nd period - Wrist shot by Kimmo Timonen.
16:54 of 2nd period - Stopped by Mike Smith with a rebound.
16:56 of 2nd period - Slapshot by Kimmo Timonen.
16:56 of 2nd period - Deflect By Drew Stafford.
16:56 of 2nd period - Shot Blocked by Saku Koivu.
16:56 of 2nd period - Puck is out of play.
16:57 of 2nd period - Brad Richards wins face-off versus Stephen Weiss in Nordiques zone.
17:22 of 2nd period - Kimmo Timonen is hit by Mike Cammalleri and loses puck.
17:31 of 2nd period - Snap shot by Saku Koivu.
17:31 of 2nd period - Stopped by Henrik Lundqvist without a rebound.
17:32 of 2nd period - Brad Richards wins face-off versus Stephen Weiss in Rangers zone.
17:39 of 2nd period - Snap shot by Johan Franzen.
17:39 of 2nd period - Shot Misses the Net.
18:08 of 2nd period - Minor Penalty to Bryan Berard for Slashing.
18:09 of 2nd period - Brad Richards wins face-off versus Stephen Weiss in Rangers zone.
18:23 of 2nd period - Snap shot by Maxim Afinogenov.
18:23 of 2nd period - Shot Blocked by Cam Barker.
18:25 of 2nd period - Backhand shot by Stephen Weiss.
18:25 of 2nd period - Deflect By Simon Gagné.
18:25 of 2nd period - Shot Blocked by Brad Richards.
18:25 of 2nd period - Puck is out of play.
18:26 of 2nd period - Brad Richards wins face-off versus Stephen Weiss in Rangers zone.
19:32 of 2nd period - Saku Koivu is hit by Milan Lucic and loses puck.
3rd period
0:01 of 3rd period - Brad Richards wins face-off versus Stephen Weiss in neutral zone.
0:08 of 3rd period - Penalty to Bryan Berard is over, Bryan Berard is back on ice.
0:32 of 3rd period - Minor Penalty to Dustin Brown for Tripping.
0:33 of 3rd period - Simon Gagné wins face-off versus Brad Richards in Rangers zone.
1:05 of 3rd period - Off-side.
1:06 of 3rd period - Johan Franzen wins face-off versus Saku Koivu in neutral zone.
2:32 of 3rd period - Penalty to Dustin Brown is over, Dustin Brown is back on ice.
2:41 of 3rd period - Matt Greene is hit by Matt Pettinger and loses puck.
2:52 of 3rd period - Alexandre Burrows is hit by Jordan Leopold and loses puck.
3:09 of 3rd period - Drew Stafford is hit by Chris Phillips and loses puck.
3:14 of 3rd period - Snap shot by Kris Vernarsky.
3:14 of 3rd period - Shot Misses the Net.
3:16 of 3rd period - Wrist shot by Kris Vernarsky.
3:16 of 3rd period - Goal by Kris Vernarsky - Nordiques : 2 - Rangers : 1.
3:17 of 3rd period - Stephen Weiss wins face-off versus Milan Lucic in neutral zone.
3:20 of 3rd period - Wrist shot by Stephen Weiss.
3:20 of 3rd period - Stopped by Henrik Lundqvist with a rebound.
3:26 of 3rd period - Wrist shot by Maxim Afinogenov.
3:26 of 3rd period - Stopped by Henrik Lundqvist with a rebound.
3:28 of 3rd period - Slapshot by Ryan Whitney.
3:28 of 3rd period - Stopped by Henrik Lundqvist with a rebound.
3:29 of 3rd period - Minor Penalty to Kimmo Timonen for Hooking.
3:30 of 3rd period - Stephen Weiss wins face-off versus Brad Richards in Rangers zone.
3:31 of 3rd period - Snap shot by Simon Gagné.
3:31 of 3rd period - Goal by Simon Gagné - Nordiques : 3 - Rangers : 1.
3:32 of 3rd period - Stephen Weiss wins face-off versus Brad Richards in neutral zone.
4:08 of 3rd period - Dustin Brown is hit by Chris Phillips.
4:22 of 3rd period - Chris Phillips is hit by Bryan Berard.
4:26 of 3rd period - Wrist shot by Valtteri Filppula.
4:26 of 3rd period - Shot Blocked by Ryan Whitney.
4:28 of 3rd period - Slapshot by Drew Stafford.
4:28 of 3rd period - Stopped by Mike Smith without a rebound.
4:29 of 3rd period - Stephen Weiss wins face-off versus Brad Richards in Nordiques zone.
4:29 of 3rd period - Stephen Weiss is hit by Matt Greene.
4:41 of 3rd period - Wrist shot by Milan Lucic.
4:41 of 3rd period - Stopped by Mike Smith without a rebound.
4:42 of 3rd period - Brad Richards wins face-off versus Stephen Weiss in Nordiques zone.
5:07 of 3rd period - Patrick Sharp is hit by Mike Cammalleri and loses puck.
5:49 of 3rd period - Snap shot by Milan Lucic.
5:49 of 3rd period - Stopped by Mike Smith without a rebound.
5:50 of 3rd period - Brad Richards wins face-off versus Éric Belanger in Nordiques zone.
5:53 of 3rd period - Slapshot by Milan Lucic.
5:53 of 3rd period - Shot Misses the Net.
5:55 of 3rd period - Snap shot by Johan Franzen.
5:55 of 3rd period - Shot Misses the Net.
6:43 of 3rd period - Minor Penalty to Brent Seabrook for Slashing.
6:44 of 3rd period - Brad Richards wins face-off versus Stephen Weiss in Rangers zone.
6:59 of 3rd period - Stephen Weiss is hit by Brad Richards and loses puck.
7:20 of 3rd period - Snap shot by Adam Deadmarsh.
7:20 of 3rd period - Shot Misses the Net.
8:43 of 3rd period - Penalty to Brent Seabrook is over, Brent Seabrook is back on ice.
8:59 of 3rd period - Off-side.
9:00 of 3rd period - Valtteri Filppula wins face-off versus Éric Belanger in neutral zone.
9:03 of 3rd period - Jonathan Cheechoo is hit by Drew Stafford.
9:15 of 3rd period - Éric Belanger is hit by Alexandre Burrows and loses puck.
9:29 of 3rd period - Minor Penalty to Matt Pettinger for Holding.
9:30 of 3rd period - Brad Richards wins face-off versus Saku Koivu in Nordiques zone.
9:33 of 3rd period - Snap shot by Milan Lucic.
9:33 of 3rd period - Stopped by Mike Smith with a rebound.
9:35 of 3rd period - Slapshot by Cam Barker.
9:35 of 3rd period - Stopped by Mike Smith without a rebound.
9:36 of 3rd period - Brad Richards wins face-off versus Saku Koivu in Nordiques zone.
9:48 of 3rd period - Off-side.
9:49 of 3rd period - Saku Koivu wins face-off versus Brad Richards in neutral zone.
10:04 of 3rd period - Wrist shot by Saku Koivu.
10:04 of 3rd period - Stopped by Henrik Lundqvist without a rebound.
10:05 of 3rd period - Saku Koivu wins face-off versus Brad Richards in Rangers zone.
10:16 of 3rd period - Wrist shot by Saku Koivu.
10:16 of 3rd period - Deflect By Brad Richards.
10:16 of 3rd period - Shot Blocked by Johan Franzen.
10:16 of 3rd period - Puck is out of play.
10:17 of 3rd period - Brad Richards wins face-off versus Saku Koivu in Rangers zone.
10:28 of 3rd period - Wrist shot by Milan Lucic.
10:28 of 3rd period - Shot Misses the Net.
10:30 of 3rd period - Backhand shot by Milan Lucic.
10:30 of 3rd period - Stopped by Mike Smith without a rebound.
10:31 of 3rd period - Brad Richards wins face-off versus Maxim Afinogenov in Nordiques zone.
10:34 of 3rd period - Wrist shot by Milan Lucic.
10:34 of 3rd period - Deflect By Johan Franzen.
10:34 of 3rd period - Shot Misses the Net.
10:34 of 3rd period - Puck is out of play.
10:35 of 3rd period - Brad Richards wins face-off versus Saku Koivu in Nordiques zone.
11:04 of 3rd period - Snap shot by Éric Belanger.
11:04 of 3rd period - Shot Blocked by Patrick Sharp.
11:06 of 3rd period - Wrist shot by Simon Gagné.
11:06 of 3rd period - Shot Misses the Net.
11:08 of 3rd period - Slapshot by Jordan Leopold.
11:08 of 3rd period - Stopped by Henrik Lundqvist with a rebound.
11:10 of 3rd period - Snap shot by Simon Gagné.
11:10 of 3rd period - Stopped by Henrik Lundqvist with a rebound.
11:29 of 3rd period - Penalty to Matt Pettinger is over, Matt Pettinger is back on ice.
12:16 of 3rd period - Maxim Afinogenov is hit by Patrice Bergeron and loses puck.
12:57 of 3rd period - Snap shot by Matt Pettinger.
12:57 of 3rd period - Shot Blocked by Brent Seabrook.
12:59 of 3rd period - Slapshot by Jordan Leopold.
12:59 of 3rd period - Shot Misses the Net.
13:15 of 3rd period - Slapshot by Éric Belanger.
13:15 of 3rd period - Deflect By Brad Richards.
13:15 of 3rd period - Shot Misses the Net.
13:15 of 3rd period - Puck is out of play.
13:16 of 3rd period - Éric Belanger wins face-off versus Valtteri Filppula in Rangers zone.
13:23 of 3rd period - Wrist shot by Alexei Ponikarovsky.
13:23 of 3rd period - Shot Misses the Net.
13:24 of 3rd period - Minor Penalty to Kimmo Timonen for Holding.
13:25 of 3rd period - Milan Lucic wins face-off versus Stephen Weiss in Rangers zone.
13:34 of 3rd period - Slapshot by Chris Phillips.
13:34 of 3rd period - Stopped by Henrik Lundqvist with a rebound.
13:50 of 3rd period - Matt Greene is hit by Adam Deadmarsh.
14:54 of 3rd period - Icing by Chris Phillips.
14:55 of 3rd period - Saku Koivu wins face-off versus Valtteri Filppula in Nordiques zone.
15:24 of 3rd period - Penalty to Kimmo Timonen is over, Kimmo Timonen is back on ice.
15:36 of 3rd period - Wrist shot by Patrice Bergeron.
15:36 of 3rd period - Shot Misses the Net.
15:38 of 3rd period - Snap shot by Patrick Sharp.
15:38 of 3rd period - Goal by Patrick Sharp - Nordiques : 3 - Rangers : 2.
15:39 of 3rd period - Kris Vernarsky wins face-off versus Brad Richards in neutral zone.
16:08 of 3rd period - Kimmo Timonen is hit by Chris Phillips and loses puck.
16:12 of 3rd period - Minor Penalty to Patrick Sharp for Interference.
16:13 of 3rd period - Brad Richards wins face-off versus Stephen Weiss in Rangers zone.
16:22 of 3rd period - Slapshot by Maxim Afinogenov.
16:22 of 3rd period - Stopped by Henrik Lundqvist without a rebound.
16:23 of 3rd period - Stephen Weiss wins face-off versus Brad Richards in Rangers zone.
16:26 of 3rd period - Snap shot by Simon Gagné.
16:26 of 3rd period - Goal by Simon Gagné - Nordiques : 4 - Rangers : 2.
16:27 of 3rd period - Jaroslav Balastik wins face-off versus Matt Pettinger in neutral zone.
17:17 of 3rd period - Wrist shot by Dustin Brown.
17:17 of 3rd period - Stopped by Mike Smith with a rebound.
17:19 of 3rd period - Wrist shot by Patrick Sharp.
17:19 of 3rd period - Shot Misses the Net.
17:21 of 3rd period - Slapshot by Patrick Sharp.
17:21 of 3rd period - Shot Misses the Net.
17:23 of 3rd period - Snap shot by Cam Barker.
17:23 of 3rd period - Stopped by Mike Smith with a rebound.
17:25 of 3rd period - Snap shot by Patrick Sharp.
17:25 of 3rd period - Stopped by Mike Smith with a rebound.
18:08 of 3rd period - Brent Seabrook is hit by Stephen Weiss.
18:43 of 3rd period - Matt Greene is hit by Matt Pettinger and loses puck.
19:16 of 3rd period - Wrist shot by Éric Belanger.
19:16 of 3rd period - Deflect By Drew Stafford.
19:16 of 3rd period - Shot Misses the Net.
19:16 of 3rd period - Puck is out of play.
19:17 of 3rd period - Éric Belanger wins face-off versus Alexandre Burrows in Rangers zone.
19:18 of 3rd period - Snap shot by Alexei Ponikarovsky.
19:18 of 3rd period - Stopped by Henrik Lundqvist with a rebound.
19:20 of 3rd period - Slapshot by Jonathan Cheechoo.
19:20 of 3rd period - Stopped by Henrik Lundqvist with a rebound.
19:22 of 3rd period - Slapshot by Cory Sarich.
19:22 of 3rd period - Stopped by Henrik Lundqvist with a rebound.
19:24 of 3rd period - Snap shot by Alexei Ponikarovsky.
19:24 of 3rd period - Shot Misses the Net.
19:26 of 3rd period - Slapshot by Cory Sarich.
19:26 of 3rd period - Shot Misses the Net.
19:28 of 3rd period - Wrist shot by Éric Belanger.
19:28 of 3rd period - Stopped by Henrik Lundqvist with a rebound.
19:34 of 3rd period - Wrist shot by Jonathan Cheechoo.
19:34 of 3rd period - Shot Misses the Net.
19:36 of 3rd period - Snap shot by Éric Belanger.
19:36 of 3rd period - Shot Misses the Net.
19:38 of 3rd period - Wrist shot by Jonathan Cheechoo.
19:38 of 3rd period - Shot Misses the Net.
19:40 of 3rd period - Snap shot by Alexei Ponikarovsky.
19:40 of 3rd period - Shot Blocked by Brent Seabrook.
19:42 of 3rd period - Slapshot by Mike Komisarek.
19:42 of 3rd period - Stopped by Henrik Lundqvist without a rebound.
19:43 of 3rd period - Byron Ritchie wins face-off versus Kris Vernarsky in Rangers zone.
Output by the SimonT Hockey Simulator (STHS) for François Prévost -- Original Page W3C XHTML 1.0 Valid